 Dungeon Crawl Stone Soup version 0.31-a0-640-g39d97e502b (webtiles) character file.

Game seed: 8625383538121089332

33 zenocrate the Sneak (level 3, -1/36 HPs)
             Began as a Troll Delver on Aug 28, 2023.
             Slain by an orc
             ... wielding a +0 short sword
              (4 damage)
             ... on level 5 of the Dungeon.
             The game lasted 00:00:34 (34 turns).

zenocrate the Sneak (Troll Delver)                    Turns: 34, Time: 00:00:34

Health: -1/36      AC:  4    Str: 20    XL:     3   Next: 12%
Magic:  1/3        EV: 10    Int:  6    God:
Gold:   0          SH:  0    Dex: 13    Spells: 4/4 levels left

rFire   . .          .
                       - Unarmed
rCold   . . .        (no shield)
rNeg    . . .        a - +0 robe
rPois   .            (helmet restricted)
rElec   .            (no cloak)
rCorr   .            (gloves unavailable)
SInv    .            (boots unavailable)
Will    .....        (no amulet)
Stlth   ++           (no ring)
HPRegen 1.06/turn    (no ring)
MPRegen 0.08/turn

%: no passive effects
@: no status effects
A: large, unfitting armour, claws 3, regeneration 1, shaggy fur 1, tough skin 1
a: no special abilities


You were on level 5 of the Dungeon.
You visited 1 branch of the dungeon, and saw 1 of its levels.

Inventory:

Armour
 a - a +0 robe (worn)
Wands
 f - a wand of digging (3)
Scrolls
 b - a scroll of fog
 d - a scroll of fear
Potions
 e - a potion of haste


   Skills:
 - Level 2.4 Fighting
 - Level 1.5 Dodging
 - Level 2.7 Stealth
 - Level 2.0 Unarmed Combat
 + Level 1.0 Spellcasting
 + Level 1.3 Evocations


You had 4 spell levels left.
You didn't know any spells.
Your spell library was empty.

Dungeon Overview and Level Annotations

Branches:
Dungeon (5/15)             Temple (0/1) D:5

Altars:


Innate Abilities, Weirdness & Mutations

You are too large for most types of armour.
You have claws for hands.
Your natural rate of healing is unusually fast.
You are covered in fur. (AC +1)
You have tough skin. (AC +1)


Message History

The orc barely misses you.
Unknown command.
Found a glowing agate ring.
You feel less confused.
The orc wizard casts a spell.
The orc wizard flickers and vanishes!
Deactivating autopickup; reactivate with Ctrl-A.
You completely miss the orc. The orc hits you but does no damage.
You barely miss the orc. The orc misses you.
Okay, then.
You scratch the orc.
The orc is lightly wounded.
The orc closely misses you.
You claw the orc!
You kill the orc!
Something hits you.
The orc throws a boomerang.
The boomerang hits you. Something hits you.
The orc hits you but does no damage. The orc hits you with a +0 short sword.
Things that are here:
a +0 flail; a +0 leather armour You claw something!
Something hits you but does no damage. The orc barely misses you.
The orc hits you with a +0 short sword.
Unknown command.
You closely miss the orc.
The orc priest begins to cast a cantrip, but forgets the words!
Something hits you. The orc hits you but does no damage.
Unknown command.
You claw the orc!
You kill the orc!
The orc priest calls down the wrath of Beogh upon you.
Pain shoots through your body! Something hits you but does no damage.
The orc hits you with a +0 short sword.
* * * LOW HITPOINT WARNING * * *
Unknown command.
The orc priest hits you with a +0 whip.
* * * LOW HITPOINT WARNING * * *
Something hits you.
* * * LOW HITPOINT WARNING * * *
The orc hits you with a +0 short sword.
You die...

,,,,,,......................,,,,*
,,,,,,...####...##..........,,,>,
,,,,,,.........###.#........,,,,,
,,,,,,....###..##..#........,,***
,,,,,,.$..........##........,,* *
,,,,,,.............†........,,***
***,**##...........###...#..,,,**
*,,,,,.......>..o..##.......,,,,*
*,,,,,....######@o.<..##....,,,,,
*,,,,,....###..)){..........,,,,,
*,,,,,....###....####.##.,..,,,,,
*,,,,,....###..######...,,,.,,,,,
*,,,,,.?..###..#########,,,,,,,,,
*,,,,,.........####### *,,,,,,,,,
******##.......####### *,,,,,,,,,
*,=....,* *,,,,,,,,, *,..##***
*,,,,,,,,,


You could see an orc priest and an orc.

Vanquished Creatures
  A hound (D:5)
  2 orcs (D:5)
3 creatures vanquished.

Notes
Turn   | Place    | Note
-------+----------+-------------------------------------------
     0 | D:5      | zenocrate the Troll Delver began the quest for the Orb.
     0 | D:5      | Reached XP level 1. HP: 22/22 MP: 0/0
     5 | D:5      | Noticed an orc wizard
     6 | D:5      | Noticed a hound
    16 | D:5      | Noticed an orc priest
    18 | D:5      | Killed a hound
    19 | D:5      | Reached skill level 1 in Spellcasting
    19 | D:5      | Reached skill level 1 in Evocations
    19 | D:5      | Reached XP level 2. HP: 29/29 MP: 0/2
    19 | D:5      | Reached XP level 3. HP: 36/36 MP: 0/3
    34 | D:5      | Slain by an orc

Illustrated notes

Levels and vault maps discovered:
D:5:      layout_rooms, nicolae_hepliaklqana_monster_ancestors,
          mainiacjoe_overflow_paths, minmay_temple_entry_proselytizer,
          nicolae_ossuary_entry_giza, serial_shops, shop, uniq_menkaure

Skill      XL: |  1 |
---------------+----+-----
Spellcasting   | 1 |  1.0
Evocations     | 1 |  1.3
Fighting       | |  2.4
Dodging        | |  1.5
Stealth        | |  2.7
Unarmed Combat | |  2.0

Action                     || total
---------------------------++-------
  Melee: Unarmed           ||    16
    Use: Scroll            ||     1
 Armour: Robe              ||     6
  Dodge: Dodged            ||    14

Table legend: (Time is in decaauts)
 A = Elapsed time spent in this place.
 B = Non-inter-level travel time spent in this place.
 C = Inter-level travel time spent in this place.
 D = Time resting spent in this place.
 E = Time spent auto-exploring this place.
 F = Levels seen in this place.
 G = Mean time per level.
                   A        B        C        D        E       F      G
               +--------+--------+--------+--------+--------+-----+--------+
         Total |     33 |     33 |      0 |      0 |      0 |   1 |   33.0 |
       Dungeon |     33 |     33 |      0 |      0 |      0 |   1 |   33.0 |
               +--------+--------+--------+--------+--------+-----+--------+

Top non-repeatable levels by time:
     D:5: 33 daAuts
